Unix NetHack Version 3.7.0-84 Work-in-progress - last build May 8 2023 02:49:33 (a521f9c9ba282fe1dbcfd9214424a180692735d4,branch:master). Game began 2023-05-21 11:32:58, ended 2023-05-21 11:49:12. DoktorL, lawful female human Valkyrie ----------------------------- |......................|....| ||----------------.....|....| |@c)))....| |..........| |%........| |.....|....| |.......F.| |.....|....| |........%| ---------.-| |...=<....| |....|....| |.........| ---).....0..| |.........| |>...00|00..| |.........| ---....|....| ----------- ----------- DoktorL the Fighter St:18 Dx:14 Co:18 In:9 Wi:7 Ch:9 Lawful S:4794 Dlvl:5 $:242 HP:73(73) Pw:15(15) AC:-5 Xp:7/1063 T:6350 Stone Latest messages: You are slowing down. # Are you sure you want to pray? [yn] (n) You begin praying to Tyr. You are surrounded by a shimmering light. The cockatrice starts to attack you, but pulls back. The jaguar starts to attack you, but pulls back. The cockatrice starts to attack you, but pulls back. The jaguar starts to attack you, but pulls back. The jaguar starts to attack you, but pulls back. The jaguar starts to attack you, but pulls back. You finish your prayer. You feel that Tyr is well-pleased. You feel more limber. The jaguar just misses! The jaguar misses! The jaguar bites! The jaguar misses! The jaguar misses! The jaguar misses! The jaguar hits! The jaguar hits again! The jaguar bites! The massive hammer hits! Lightning strikes the jaguar! The jaguar hits! The jaguar hits again! The jaguar bites! The massive hammer hits! Lightning strikes the jaguar! You kill the jaguar! You see here a jaguar corpse. You see here a jaguar corpse. There is a jaguar corpse here; eat it? [ynq] (n) This jaguar corpse is tough. You finish eating the jaguar corpse. You are in full health. In what direction? The dagger hits the cockatrice. In what direction? The dagger misses the cockatrice. In what direction? The dagger misses the cockatrice. You miss the cockatrice. The massive hammer hits! Lightning strikes the cockatrice! The cockatrice misses! The cockatrice touches you! You hear the cockatrice's hissing! You are slowing down. # Really quit? [yn] (n) Do you want your possessions identified? [ynq] (y) Inventory: Coins $ - 242 gold pieces Amulets o - an uncursed amulet of reflection X - an uncursed amulet of unchanging Weapons b - a +0 dagger (alternate weapon; not wielded) A - a +0 dagger (at the ready) R - a +0 orcish dagger q - a +1 spear a - the rustproof +0 Mjollnir (weapon in hand) Armor C - an uncursed +0 dwarvish iron helm (being worn) K - a cursed -2 helm of opposite alignment y - a blessed +1 pair of iron shoes (being worn) c - an uncursed +3 small shield (being worn) B - an uncursed +0 dwarvish mithril-coat (being worn) Comestibles t - 3 uncursed food rations Scrolls f - 2 uncursed scrolls of earth Rings i - a cursed ring of aggravate monster Y - an uncursed ring of fire resistance G - an uncursed ring of invisibility Wands W - a wand of opening (0:7) Z - a wand of striking (0:7) Tools V - an uncursed blindfold l - a blessed oil lamp e - an uncursed oil lamp (lit) H - an uncursed oil lamp d - a +0 pick-axe s - an uncursed skeleton key w - 5 cursed tallow candles M - an uncursed tin whistle L - a tinning kit (0:43) DoktorL the Valkyrie's attributes: Background: You were a Fighter, a level 7 human Valkyrie. You were lawful, on a mission for Tyr who was opposed by Odin (neutral) and Loki (chaotic). You were in Sokoban, on level 5. You entered the dungeon 6350 turns ago. There was a new moon in effect when your adventure ended. You had 1063 experience points, 217 more were needed to attain level 8. Your score was 4794 before end-of-game adjustments. Basics: You had all 73 hit points. You had all 15 energy points (spell power). Your armor class was -5. Your wallet contained 242 zorkmids. Autopickup was on for '$"?!=/' plus thrown. Final Characteristics: Your strength was 18 (limit:18/100). Your dexterity was 14 (limit:18). Your constitution was 18 (limit:18). Your intelligence was 9 (limit:18). Your wisdom was 7 (limit:18). Your charisma was 9 (limit:18). Final Status: You were turning to stone. You were not hungry. You were unencumbered. You were wielding a hammer. You had basic skill with hammer and could have enhanced that. Final Attributes: You were piously aligned. You were cold resistant. You were telepathic. You were stealthy. You were guarded. You survived. Miscellaneous: You disabled loading of bones levels. Total elapsed playing time was 16 minutes and 14 seconds. Major events: Turn 1: DoktorL the lawful human Valkyrie entered the dungeon 1190: attained the rank of Skirmisher (level 3) 3109: was bestowed with Mjollnir by Tyr 3458: entered the Gnomish Mines 3977: attained the rank of Fighter (level 6) 4895: made her first wish - "2 cursed genocide", got "2 scrolls labeled VENZAR BORGAVVE" 5599: entered Sokoban 6273: completed 2nd Sokoban level 6350: quit, while helpless Vanquished creatures: a cockatrice a horse a jaguar a blue jelly a raven a human zombie 2 Woodland-elves 2 rock moles 3 shriekers 3 gnome leaders 6 gnomish wizards a ghoul a straw golem a baby crocodile a little dog 4 floating eyes 4 dwarves a kobold shaman 2 rothes a killer bee 3 acid blobs a large kobold 2 giant rats 3 cave spiders a yellow mold 3 red molds 18 gnomes a gnome zombie 3 geckos 8 jackals 2 foxes 2 kobolds 4 goblins 6 sewer rats 5 grid bugs 3 bats 9 lichens 2 kobold zombies 5 newts 119 creatures vanquished. No species were genocided or became extinct. Voluntary challenges: You were illiterate. You never engraved Elbereth. You never genocided any monsters. You never polymorphed an object. You never changed form. You used 1 wish. You did not wish for any artifacts. You did not violate any of the special Sokoban rules. Achievements: You attained the rank of Skirmisher. You entered the Gnomish Mines. You attained the rank of Fighter. You entered a shop. You entered a temple. You entered Sokoban. The Dungeons of Doom: levels 1 to 7 Level 1: Level 2: An altar to Tyr, a fountain. Level 3: Stairs down to The Gnomish Mines. Level 4: A bookstore. Level 5: Level 6: Level 7: Stairs up to Sokoban, level 6. The Gnomish Mines: levels 4 to 6 Level 4: Level 5: Level 6: Many shops, a temple, some fountains. Sokoban: levels 6 up to 5 Level 5: <- You were here. Solved. Level 6: Unsolved. Farvel DoktorL the Valkyrie... You quit in Sokoban on dungeon level 5 with 4794 points, and 242 pieces of gold, after 6350 moves. You were level 7 with a maximum of 73 hit points when you quit.